 Dungeon Crawl Stone Soup version 0.32-a0-913-g739538afd8 (webtiles) character file.

Game seed: 13124526524617089584

2814 pokedragonboy the Blocker (level 10, -12/79 HPs)
             Began as a Formicid Fighter on Apr 9, 2024.
             Was a Follower of Okawaru.
             Mangled by an orc warlord
             ... wielding a +8 broad axe
              (32 damage)
             ... in a bailey.
             The game lasted 00:12:52 (7200 turns).

pokedragonboy the Blocker (Formicid Fighter)        Turns: 7200, Time: 00:12:52

Health: -12/79     AC: 10    Str: 26    XL:     10   Next: 2%
Magic:  13/13      EV:  7    Int:  7    God:    Okawaru [*.....]
Gold:   662        SH:  7    Dex: 13    Spells: 9/9 levels left

rFire   . . .        a - +1 war axe (venom)
rCold   . . .        c - +1 buckler
rNeg    . . .        j - +0 chain mail
rPois   .            (helmet unavailable)
rElec   .            (no cloak)
rCorr   .            (no gloves)
SInv    +            (no boots)
Will    +....        (no amulet) Stlth
                     (no ring)
HPRegen 0.33/turn    (no ring)
MPRegen 0.13/turn

%: no passive effects
@: mighty
A: permanent stasis, dig shafts and tunnels, antennae 3, four strong arms
a: Dig, Renounce Religion, Heroism


You were in a bailey.
You worshipped Okawaru.
Okawaru was aware of your devotion.
You visited 2 branches of the dungeon, and saw 8 of its levels.
You also visited: Bailey.

You collected 662 gold pieces.

Inventory:

Hand Weapons
 a - a +1 war axe of venom (weapon)
Missiles
 q - 2 javelins
 s - 6 silver javelins
 w - 20 boomerangs
Armour
 c - a +1 buckler (worn)
 j - a +0 chain mail (worn)
Wands
 b - a wand of paralysis (13)
 e - a wand of iceblast (3)
Scrolls
 h - a scroll of fear {unknown}
 i - 2 scrolls of enchant armour
 k - a scroll of teleportation
 l - a scroll of noise
Potions
 d - 2 potions of might
 f - 2 potions of degeneration
 g - 2 potions of curing
 m - a potion of haste {unknown}
 n - a potion of cancellation
 o - a potion of resistance {unknown}
 u - 4 potions of brilliance
 v - a potion of enlightenment {unknown}
 z - a potion of mutation {unknown}
 A - a potion of invisibility {unknown}


   Skills:
 + Level 7.2 Fighting
 + Level 7.2 Axes
 + Level 7.2 Armour
 + Level 8.6 Shields
 + Level 5.2 Invocations


You had 9 spell levels left.
You didn't know any spells.
Your spell library contained the following spells:

 Spells                   Type           Power      Damage    Failure   Level
 Freeze                   Ice            0%         1d3       93%         1
 Kiss of Death            Conj/Necr      0%         2d5       93%         1
 Necrotise                Necr           0%         1d4       93%         1
 Lesser Beckoning         Tloc           0%         N/A       98%         2
 Sublimation of Blood     Necr           0%         N/A       98%         2
 Confusing Touch          Hex            0%         N/A       100%        3
 Frozen Ramparts          Ice            0%         1d1       100%        3
 Hailstorm                Conj/Ice       0%         3d5       100%        3
 Teleport Other           Tloc           0%         N/A       100%        3
 Vampiric Draining        Necr           0%         2d6       100%        3
 Dispel Undead            Necr           0%         3d6       100%        4
 Olgreb's Toxic Radiance  Alch           0%         N/A       100%        4
 Petrify                  Alch/Erth      0%         N/A       100%        4
 Curse of Agony           Necr           0%         N/A       100%        5
 Irradiate                Conj/Alch      0%         3d11      100%        5
 Conjure Ball Lightning   Conj/Air       0%         3x3d6     100%        6
 Ozocubu's Refrigeration  Ice            0%         4d7       100%        7
 Discord                  Hex            0%         N/A       100%        8
 Disjunction              Tloc           0%         N/A       100%        8
 Maxwell's Portable Pile  Tloc           Unusable   2d(5-13)  N/A         3
 Martyr's Knell           Necr/Summ      Unusable   N/A       N/A         4

Dungeon Overview and Level Annotations

Branches:
Dungeon (7/15)             Temple (1/1) D:5          Bailey (1/1)

Altars:
Cheibriados
Dithmenos
Elyvilon
Fedhas
Gozag
Hepliaklqana
Kikubaaqudgha
Makhleb
Nemelex Xobeh
Okawaru
Qazlal
Ru
Sif Muna
Trog
Uskayaw
Vehumet
Wu Jian
Xom
Yredelemnul
Zin
The Shining One

Shops:
D:5 [


Innate Abilities, Weirdness & Mutations

You cannot be hasted, slowed, berserked, paralysed or teleported.
You can dig through walls and to a lower floor.
You have a pair of large antennae on your head. (SInv)
Your four strong arms can wield two-handed weapons with a shield.


Message History

Press: ? - help, Shift-Dir - straight line, f/p - orc warlord
Aim: an orc warlord, wielding a +8 broad axe and wearing a +0 chain mail (moderately wounded, chance to affect: 17%)
The orc warlord resists with almost no effort.
Aiming: Paralyse
Press: ? - help, Shift-Dir - straight line, f/p - orc warlord
Aim: an orc warlord, wielding a +8 broad axe and wearing a +0 chain mail (moderately wounded, chance to affect: 17%)
The orc warlord resists with almost no effort.
You hit the orc warlord but do no damage.
The orc warlord is poisoned.
The orc warlord is moderately wounded.
The orc warlord hits you with a +8 broad axe!
You block the orc warlord's attack.
You barely miss the orc warlord.
The orc warlord is moderately wounded.
The orc warlord hits you with a +8 broad axe!!
You barely miss the orc warlord.
The orc warlord is moderately wounded.
You block the orc warlord's attack.
You slash the orc warlord!
The orc warlord looks as sick as possible!
The orc warlord is heavily wounded.
You block the orc warlord's attack.
You slash the orc warlord!
The orc warlord looks as sick as possible!
The orc warlord is heavily wounded.
You block the orc warlord's attack.
You slash the orc warlord!
The orc warlord looks as sick as possible!
The orc warlord is severely wounded.
The orc warlord hits you with a +8 broad axe!!
The orc warlord attacks as it pursues you!
You block the orc warlord's attack.
You slice the orc warlord!!
The orc warlord looks as sick as possible!
The orc warlord is almost dead.
The orc warlord hits you with a +8 broad axe!
* * * LOW HITPOINT WARNING * * *
The orc warlord attacks as it pursues you!
The orc warlord hits you with a +8 broad axe!!
You die...

#...ß......#'''#......ß...#
##......####~~~####......##
♣##.....#~~~~~~~~~#.....##♣
♣.##....#~.ß...ß.~#....##.♣
♣♣..###'###.......###'###..♣
♣...~~~.#~~.ß...ß.~~#.~~~...
♣♣...~~~)#~.........~#.~~~...
♣∩...~~)†#~....∩....~#.~~~...
♣♣...~~~)##.@o......##.~~~...
♣...~~~.#~..ß...ß..~#.~~~...
♣♣..###'#~.........~#)###..♣
♣.##...#~[?ß...ß!)~#...##.♣
♣##....##~~#####~~##....##♣
##......####...####......#
#.............÷...).......#
#..ß..ß..÷.÷........ß..ß..#
#..............÷..........#


You could see an orc warlord (extremely poisoned).

Vanquished Creatures
  An orc knight (Bailey)
  A steam dragon (D:7)
  2 water moccasins
  An orc warrior (Bailey)
  2 black bears
  4 phantoms
  5 scorpions
  6 wights
  A howler monkey (D:5)
  A bombardier beetle (D:3)
  4 jellies
  4 hounds
  3 orc priests
  4 iguanas
  3 orc wizards
  2 sleepcaps
  A hound zombie (D:4)
  A gnoll (Bailey)
  3 adders
  4 shadow imps
  3 white imps (D:6)
  2 ufetubi (D:6)
  An adder skeleton (D:4)
  3 ribbon worms
  3 dart slugs
  23 orcs
  4 endoplasms
  2 giant cockroaches (D:1)
  13 goblins
  A hobgoblin (D:1)
  3 jackals (D:1)
  20 kobolds
  5 quokkas
  4 ball pythons
  3 bats
  3 frilled lizards
  A quokka skeleton (D:4)
  2 rats (D:2)
149 creatures vanquished.

Notes
Turn   | Place    | Note
-------+----------+-------------------------------------------
     0 | D:1      | pokedragonboy the Formicid Fighter began the quest for the
                  | Orb.
     0 | D:1      | Reached XP level 1. HP: 18/18 MP: 1/1
   160 | D:1      | Reached XP level 2. HP: 23/24 MP: 2/2
   409 | D:1      | Reached XP level 3. HP: 29/29 MP: 3/3
  1202 | D:2      | Reached XP level 4. HP: 37/37 MP: 4/4
  1498 | D:3      | Found an opulent altar of Gozag.
  1919 | D:3      | Reached XP level 5. HP: 42/42 MP: 5/5
  2375 | D:4      | Reached skill level 5 in Shields
  2424 | D:4      | Reached XP level 6. HP: 40/48 MP: 6/6
  2642 | D:4      | Reached XP level 7. HP: 55/55 MP: 7/7
  2672 | D:4      | Found an ancient bone altar of Kikubaaqudgha.
  3067 | D:4      | Reached skill level 5 in Axes
  3520 | D:5      | Entered Level 5 of the Dungeon
  3525 | D:5      | Reached skill level 5 in Armour
  3530 | D:5      | Reached skill level 6 in Shields
  3536 | D:5      | Reached skill level 5 in Fighting
  3589 | D:5      | Found Lebb's Antique Armour Emporium.
  3673 | D:5      | Reached XP level 8. HP: 57/62 MP: 8/8
  3741 | D:5      | Found a staircase to the Ecumenical Temple.
  3753 | Temple   | Entered the Ecumenical Temple
  3806 | Temple   | Became a worshipper of Warmaster Okawaru
  3858 | D:5      | Reached skill level 1 in Invocations
  4459 | D:5      | Reached * piety under Okawaru
  4794 | D:6      | Reached skill level 7 in Shields
  5095 | D:6      | Reached XP level 9. HP: 61/69 MP: 11/11
  6346 | D:7      | Reached skill level 8 in Shields
  6401 | D:7      | Found a stormy altar of Qazlal.
  6613 | D:7      | Found a flagged portal.
  6631 | Bailey   | Entered a bailey
  6690 | Bailey   | Noticed an orc warlord
  6755 | Bailey   | Noticed an orc knight
  6769 | Bailey   | Killed an orc knight
  6770 | Bailey   | Reached skill level 5 in Invocations
  6775 | Bailey   | Reached XP level 10. HP: 19/79 MP: 13/13
  6978 | Bailey   | Found a runed translucent gate.
  6978 | Bailey   | Found a runed translucent gate.
  6978 | Bailey   | Found a runed translucent gate.
  7200 | Bailey   | Mangled by an orc warlord

Illustrated notes

Levels and vault maps discovered:
D:1:      evilmike_arrival_home_sweet_home, layout_basic, minmay_misc_feat_chi
D:2:      layout_loops_ring, serial_bayou, serial_bayou_pond_a,
          serial_bayou_shore_a, serial_bayou_shore_b, serial_bayou_crossing,
          kennysheep_generic_room_11
D:3:      layout_loops_cross, grunt_gozag_statues
D:4:      layout_basic, nicolae_kikubaaqudgha_miasma_corner, serial_undead,
          serial_undead_d, serial_undead_a, serial_undead_b, serial_undead_b,
          hangedman_decor_slide_cut
D:5:      layout_loops_ring, minmay_temple_entry_gardened_gates, serial_shops,
          nicolae_shop_tiny_real_fake_doors
D:6:      layout_basic, serial_library, serial_library_hellmonk_hallway_a,
          serial_library_regret_index_small_wings,
          serial_library_hellmonk_statue_hall, serial_library_hellmonk_room_c,
          serial_library_regret_index_double_sided,
          serial_library_hellmonk_reading_circle,
          serial_library_hellmonk_junction, serial_library_hellmonk_room_a,
          serial_library_regret_index_branch_corner,
          serial_library_hellmonk_room_b, serial_library_hellmonk_octagon
D:7:      layout_basic, grunt_qazlal_clouds, enter_bailey_5
Temple:   mainiacjoe_temple_bowtie_tessellation
Bailey:   bailey_axe_bossmonster_kennysheep, bailey

Skill      XL: |  1  2  3  4  5  6  7  8  9 |
---------------+----------------------------+-----
Axes           | 3 4 5 6 7 |  7.2
Fighting       | 4 5 6 7 |  7.2
Armour         | 4 5 6 7 |  7.2
Shields        | 5 6 7 8 |  8.6
Invocations    | 3 5 |  5.2

Action                     |  1- 3 |  4- 6 |  7- 9 | 10-12 || total
---------------------------+-------+-------+-------+-------++-------
  Melee: War axe           |    58 |   101 |   304 |    12 ||   475
 Invoke: Heroism           |       |       |     5 |     1 ||     6
Ability: Dig               |       |     1 |       |       ||     1
  Evoke: Wand              |       |       |       |     9 ||     9
    Use: Scroll            |       |       |     6 |     5 ||    11
         Potion            |       |       |     4 |     1 ||     5
 Armour: Scale mail        |    41 |       |       |       ||    41
         Chain mail        |       |    90 |   281 |     9 ||   380
  Dodge: Dodged            |    23 |    28 |   156 |       ||   207
  Block: Buckler           |    19 |    29 |   133 |     7 ||   188

Table legend: (Time is in decaauts)
 A = Elapsed time spent in this place.
 B = Non-inter-level travel time spent in this place.
 C = Inter-level travel time spent in this place.
 D = Time resting spent in this place.
 E = Time spent auto-exploring this place.
 F = Levels seen in this place.
 G = Mean time per level.
                   A        B        C        D        E       F      G
               +--------+--------+--------+--------+--------+-----+--------+
         Total |   7341 |   7142 |    199 |   1246 |   4301 |   9 |  815.7 |
       Dungeon |   6684 |   6534 |    150 |    973 |   4260 |   7 |  954.9 |
        Temple |     78 |     29 |     49 |      0 |      0 |   1 |   78.0 |
        Bailey |    578 |    578 |      0 |    273 |     41 |   1 |  578.0 |
               +--------+--------+--------+--------+--------+-----+--------+

Top non-repeatable levels by time:
     D:6: 1442 daAuts
     D:4: 1266 daAuts
     D:5: 1103 daAuts
     D:2: 832 daAuts
     D:3: 816 daAuts
     D:1: 693 daAuts
  Bailey: 578 daAuts
     D:7: 529 daAuts
  Temple: 78 daAuts
